 Dungeon Crawl Stone Soup version 0.30.1-4-g462c640d31 (webtiles) character file.

Game seed: 16405954578373289892

3226 ChrisAssaf the Insei (level 9, -2/71 HPs)
             Began as a Grey Draconian Transmuter on Aug 14, 2023.
             Was an Elder of Cheibriados.
             Slain by an orc warrior
             ... wielding a +0 mace
              (12 damage)
             ... on level 7 of the Dungeon.
             The game lasted 00:28:26 (5655 turns).

ChrisAssaf the Insei (Grey Draconian Transmuter)    Turns: 5655, Time: 00:28:26

Health: -2/71      AC:  2    Str: 23    XL:     9   Next: 66%
Magic:  12/15      EV: 24    Int: 23    God:    Cheibriados [****..]
Gold:   250        SH:  0    Dex: 28    Spells: 2/16 levels left

rFire   . . .        g - melded +7 longbow of Causality {heavy, Str+2}
rCold   + . .        (shield currently unavailable)
rNeg    . . .        (body armour unavailable)
rPois   x            (helmet currently unavailable)
rElec   .            (cloak currently unavailable)
rCorr   +            (gloves currently unavailable)
SInv    .            (boots currently unavailable)
Will    .....        (no amulet)
Stlth   +++          b - ring of resist corrosion
HPRegen 0.31/turn    o - ring of protection from cold
MPRegen 0.14/turn

%: no passive effects
@: spider-form, very slow
A: venomous fangs, AC +12, (amphibious), tiny, unfitting armour, (cold-blooded)
a: End Transformation, Renounce Religion, Bend Time, Temporal Distortion, Slouch


You were on level 7 of the Dungeon.
You worshipped Cheibriados.
Cheibriados was greatly pleased with you.
You were a venomous arachnid creature.
You visited 1 branch of the dungeon, and saw 6 of its levels.
You also visited: Sewer.

You collected 250 gold pieces.

Inventory:

Hand Weapons
 c - a +0 war axe
 g - the +7 longbow of Causality (melded) {heavy, Str+2}
   (You found it on level 7 of the Dungeon)

   Str:       It affects your strength (+2).
 t - a +0 short sword of venom
Missiles
 k - a curare-tipped dart
 m - 20 poisoned darts
 A - 4 javelins
Jewellery
 b - a ring of resist corrosion (left front pincers)
 o - a ring of protection from cold (right front pincers)
 C - a +5 ring of evasion
Wands
 y - a wand of polymorph (11)
Scrolls
 e - a scroll of torment
 p - a scroll of enchant armour
 r - a scroll of teleportation
 v - 2 scrolls of immolation {unknown}
 x - a scroll of summoning {unknown}
 B - 2 scrolls of magic mapping
 D - a scroll of blinking {unknown}
Potions
 a - 2 potions of lignification
 d - 4 potions of haste
 f - a potion of berserk rage {unknown}
 h - 2 potions of degeneration {unknown}
 i - 3 potions of flight
 j - a potion of invisibility {unknown}
 l - 2 potions of brilliance
 n - a potion of mutation {unknown}
 s - 2 potions of resistance {unknown}
 u - a potion of magic {unknown}
 w - a potion of cancellation {unknown}
 z - 2 potions of attraction {unknown}


   Skills:
 * Level 4.1 Fighting
 * Level 3.3 Short Blades
 * Level 2.5 Ranged Weapons
 * Level 3.4 Throwing
 * Level 4.5 Dodging
 * Level 3.5 Stealth
 * Level 5.2 Unarmed Combat
 * Level 4.1 Spellcasting
 * Level 4.1 Transmutations
 * Level 2.3 Ice Magic
 * Level 3.4 Poison Magic
 * Level 3.6 Invocations
 * Level 3.2 Evocations


You had 2 spell levels left.
You knew the following spells:

 Your Spells              Type           Power      Damage    Failure   Level
a - Beastly Appendage     Tmut           46%        N/A       8%          1
b - Wereblood             Tmut           23%        N/A       10%         2
c - Spider Form           Tmut/Pois      22%        N/A       19%         3
d - Ice Form              Ice/Tmut       19%        N/A       47%         4
e - Olgreb's Toxic Radia  Pois           20%        N/A       47%         4

Your spell library contained the following spells:

 Spells                   Type           Power      Damage    Failure   Level
 Sting                    Tmut/Pois      88%        1d7       9%          1
 Poisonous Vapours        Pois/Air       24%        N/A       21%         2
 Blink                    Tloc           8%         N/A       34%         2
 Lesser Beckoning         Tloc           8%         N/A       34%         2
 Momentum Strike          Conj/Tloc      8%         3d8       34%         2


Dungeon Overview and Level Annotations

Branches:
Dungeon (5/15)              Sewer (visited)
 Temple: D:4-7

Altars:
Cheibriados
Gozag
Hepliaklqana
Nemelex Xobeh
Qazlal
Uskayaw
Vehumet
Wu Jian

Annotations:
D:5 exclusion: statue


Innate Abilities, Weirdness & Mutations

You are a venomous arachnid creature.
You have venomous fangs.
You are tiny and dextrous.
Your spellcasting is less reliable in this form.
Your armour is entirely melded.
You are incapable of wielding weapons or throwing items.
((Your dull iron-grey scales are very hard. (AC +12)))
((You are amphibious.))
You cannot fit into any form of body armour.
((You are cold-blooded and may be slowed by cold attacks.))


Message History

The boulder beetle looks as sick as possible!
The boulder beetle is severely wounded.
You hiss as the wereblood boils in your veins!
The boulder beetle leaps!
Your transformation is almost over.
Your primal bloodlust has ended.
The boulder beetle curls into a ball and begins rolling!
You kill the boulder beetle!
Cheibriados appreciates the change of pace.
Your Fighting skill increases to level 4!
Your Ranged Weapons skill increases to level 2!
Your transformation has ended.
The +7 longbow of Causality {heavy, Str+2} unmelds from your body.
The orc warrior shouts!
Fire: g) +7 longbow of Causality {heavy, Str+2}
Press: ? - help, Q - select action, (/) - cycle Shift-Dir - straight line, f - orc warrior
Aim: an orc warrior, wielding a +0 mace and wearing a +0 chain mail (68% to hit)
You shoot an arrow.
The arrow barely misses the orc warrior.
The orc warrior hits you with a +0 mace.
* * * LOW HITPOINT WARNING * * *
Casting: Spider Form (dangerous; 7% risk of failure)
Confirm with . or Enter, or press ? or * to list all spells.
You turn into a venomous arachnid creature.
The +7 longbow of Causality {heavy, Str+2} melds into your body.
The orc warrior misses you.
You hit the orc warrior.
The orc warrior is lightly wounded.
The orc warrior completely misses you.
You bite the orc warrior!
The orc warrior is poisoned.
The orc warrior is heavily wounded.
The orc warrior misses you.
You hit the orc warrior but do no damage.
The orc warrior looks as sick as possible!
The orc warrior is heavily wounded.
The orc warrior hits you with a +0 mace!
* * * LOW HITPOINT WARNING * * *
You closely miss the orc warrior.
The orc warrior is heavily wounded.
The orc warrior hits you with a +0 mace!
You die...

#####.#..⌠..#...######. #.
#.......⌠⌠⌠.... ....... #.
#.....#..⌠..#..#.......#########.
......#.....#....................
###.#####.#####.###.# #.######.##
#..8..#.....#.....#.###.#####....
#....l# #..#.....#...#....##..#.
.8.8.8oB #........)#...##.#...#.
#.....#..#..#.)os.#)..####.....#
#..8..#.....#..†..#).## ##.#..#
###.#####.#####.###..# #.#..# ...
....#........# #.#.... ##
..#.######## #.#.... ... #.#####
.# #.# .. #.#


You could see an orc warrior (extremely poisoned).

Vanquished Creatures
  A boulder beetle (D:7)
  A manticore (D:7)
  Grinder (D:5)
  A wyvern (D:7)
  A human (D:5)
  Menkaure (D:7)
  A water moccasin (D:7)
  An orc warrior (D:5)
  A sky beast (D:7)
  A phantom (D:5)
  3 kobold brigands (Sewer)
  A gnoll sergeant (D:7)
  A bullfrog (D:7)
  3 scorpions
  3 hounds
  An orc priest (D:3)
  4 jellies
  A gnoll bouda (D:7)
  Ijyb (D:3)
  5 iguanas
  Natasha (thrice) (D:4)
  8 gnolls (D:7)
  4 adders
  A shadow imp (D:5)
  A white imp (D:7)
  2 ufetubi
  A worm (D:3)
  4 dart slugs
  17 orcs
  11 endoplasms
  4 giant cockroaches
  5 goblins
  10 hobgoblins
  4 jackals
  4 quokkas
  11 ball pythons
  5 bats
  3 frilled lizards
  17 kobolds
  8 rats
156 creatures vanquished.

Notes
Turn   | Place    | Note
-------+----------+-------------------------------------------
     0 | D:1      | ChrisAssaf the Draconian Transmuter began the quest for the
                  | Orb.
     0 | D:1      | Reached XP level 1. HP: 16/16 MP: 3/3
   157 | D:1      | Reached XP level 2. HP: 23/23 MP: 3/5
   173 | D:1      | Learned a level 2 spell: Wereblood
   843 | D:2      | Reached XP level 3. HP: 28/28 MP: 6/6
   853 | D:2      | Learned a level 3 spell: Spider Form
   956 | D:3      | Found a faded altar of an unknown god.
   981 | D:3      | Prayed at the altar of an unknown god.
   981 | D:3      | Became a worshipper of Cheibriados the Contemplative
   981 | D:3      | Reached * piety under Cheibriados
  1069 | D:3      | Noticed Ijyb
  1128 | D:3      | Killed Ijyb
  1129 | D:3      | Reached skill level 1 in Stealth
  1129 | D:3      | Reached XP level 4. HP: 31/35 MP: 2/7
  2032 | D:1      | Reached XP level 5. HP: 41/41 MP: 7/9
  2043 | D:1      | Reached ** piety under Cheibriados
  2436 | D:4      | Found a glowing drain.
  2491 | Sewer    | Entered a sewer
  2565 | Sewer    | Reached skill level 1 in Throwing
  2629 | Sewer    | Reached skill level 1 in Poison Magic
  2629 | Sewer    | Reached skill level 1 in Invocations
  2629 | Sewer    | Reached XP level 6. HP: 41/48 MP: 10/10
  2686 | Sewer    | Reached *** piety under Cheibriados
  2695 | Sewer    | Reached skill level 1 in Evocations
  2772 | Sewer    | Reached skill level 1 in Short Blades
  2772 | Sewer    | Reached skill level 4 in Unarmed Combat
  2905 | D:4      | Noticed Natasha
  2953 | D:4      | Killed Natasha
  3011 | D:4      | Noticed Natasha
  3028 | D:4      | Killed Natasha
  3037 | D:4      | Found a stormy altar of Qazlal.
  3039 | D:4      | Found a hide-covered altar of Uskayaw.
  3278 | D:4      | Noticed Natasha
  3294 | D:4      | Your scales start taking on a dull iron-grey colour.
  3294 | D:4      | Reached XP level 7. HP: 19/56 MP: 6/11
  3298 | D:4      | Killed Natasha
  3317 | D:4      | Found an ornate altar of the Wu Jian Council.
  3552 | D:5      | Entered Level 5 of the Dungeon
  3667 | D:5      | Learned a level 4 spell: Ice Form
  3711 | D:5      | Reached **** piety under Cheibriados
  3748 | D:5      | Found an opulent altar of Gozag.
  3861 | D:5      | Found a sparkling altar of Nemelex Xobeh.
  4216 | D:5      | Reached XP level 8. HP: 62/63 MP: 11/13
  4253 | D:5      | Found a radiant altar of Vehumet.
  4322 | D:5      | Noticed Pikel
  4324 | D:5      | Pikel changed into Pikel the human
  4324 | D:5      | Noticed Pikel
  4325 | D:5      | Noticed Grinder
  4330 | D:5      | Paralysed by Grinder for 3 turns
  4344 | D:5      | Killed Grinder
  4345 | D:5      | Reached skill level 1 in Ice Magic
  4416 | D:5      | Killed Pikel the human
  4805 | D:5      | You fall into a shaft and drop 2 floors!
  4827 | D:7      | Noticed Menkaure
  4855 | D:7      | Killed Menkaure
  4873 | D:7      | Identified the +7 longbow of Causality {heavy, Str+2}
  5268 | D:7      | Reached XP level 9. HP: 71/71 MP: 14/14
  5328 | D:7      | Noticed a manticore
  5332 | D:7      | Noticed a boulder beetle
  5334 | D:7      | Killed a manticore
  5335 | D:7      | Reached skill level 1 in Ranged Weapons
  5335 | D:7      | Reached skill level 5 in Unarmed Combat
  5336 | D:7      | Identified the +0 robe of Polish {Regen+}
  5475 | D:7      | Found a hazy altar of Hepliaklqana.
  5593 | D:7      | Learned a level 4 spell: Olgreb's Toxic Radiance
  5644 | D:7      | Killed a boulder beetle
  5655 | D:7      | Slain by an orc warrior

Illustrated notes

Levels and vault maps discovered:
D:1:      dpeg_arrival_long_road, layout_basic, minmay_misc_feat_encased,
          feat_on_display
D:2:      layout_basic
D:3:      layout_basic, ebering_ecumenical_altar_rust, uniq_ijyb
D:4:      layout_rooms, lemuel_coloured_pillars_altar,
          gammafunk_temple_overflow_pools, cheibrodos_sewer_entry_drain,
          uniq_natasha
D:5:      layout_cave_pods, mainiacjoe_overflow_24_doors,
          nemelex_spade_bored_becter, vehumet_statue, nicolae_nh_ransacked_shop,
          uniq_pikel, uniq_grinder
D:7:      layout_basic, kennysheep_mini, lemuel_tele_altar, st_stairs_14,
          serial_bayou_pond_e, minmay_chambers_of_fives, uniq_menkaure

Skill      XL: |  1  2  3  4  5  6  7  8  9 |
---------------+----------------------------+-----
Dodging        | 2 3 4 |  4.5
Stealth        | 1 2 3 |  3.5
Fighting       | 2 3 4 |  4.1
Throwing       | 1 2 3 |  3.4
Poison Magic   | 1 2 3 |  3.4
Invocations    | 1 2 3 |  3.6
Spellcasting   | 3 4 |  4.1
Evocations     | 1 2 3 |  3.2
Short Blades   | 1 2 3 |  3.3
Unarmed Combat | 4 5 |  5.2
Transmutations | 3 4 |  4.1
Ice Magic      | 1 2 |  2.3
Ranged Weapons | 2 |  2.5

Action                     |  1- 3 |  4- 6 |  7- 9 || total
---------------------------+-------+-------+-------++-------
  Melee: Unarmed           |    76 |    51 |    55 ||   182
         Kick              |    20 |     1 |     3 ||    24
         Tailslap          |     4 |     9 |    12 ||    25
         Headbutt          |     4 |     1 |     1 ||     6
         Punch             |     2 |       |     3 ||     5
         Short sword       |       |    57 |   116 ||   173
   Fire: Longbow           |       |       |    28 ||    28
  Throw: Boomerang         |     1 |    39 |       ||    40
         Dart              |       |     1 |       ||     1
         Javelin           |       |       |     1 ||     1
   Cast: Beastly Appendage |    18 |     5 |     3 ||    26
         Wereblood         |     3 |     5 |     7 ||    15
         Spider Form       |     1 |     9 |     4 ||    14
         Ice Form          |       |       |     4 ||     4
 Invoke: Bend Time         |       |       |     1 ||     1
         Slouch            |       |       |     2 ||     2
  Evoke: Wand              |       |     9 |     5 ||    14
    Use: Scroll            |     2 |     8 |     2 ||    12
         Potion            |     1 |     1 |     5 ||     7
   Stab: Sleeping          |     1 |     1 |       ||     2
         Distracted        |       |     2 |     1 ||     3
 Armour: Skin              |    25 |    62 |    83 ||   170
  Dodge: Dodged            |    46 |   171 |   188 ||   405
